SAA
RICHLAND RAILS @ TACOMA FUR TRADERS
07/13/2028
 
TOP OF THE 1ST
Richland Rails batting - Pitching for Tacoma Fur Traders : RHP Baruc Garibay
Pitching: RHP Baruc Garibay
Batting: LHB Orlando Casillas 0-0: Ball
1-0: Swinging Strike
1-1: Ball
2-1: Bunt missed!
2-2: Foul Ball, location: 2F
2-2: SINGLE (Groundball, 6D)
Batting: RHB Alexandre Keeping 0-0: SINGLE (Groundball, 6MD)
Orlando Casillas to second
Runner from 2nd tries for 3rd, SAFE, no throw
Batting: LHB Jérôme Masson 0-0: Ball
1-0: Fly out, F1 (Line Drive, 13)
Batting: RHB Scott Ramsey 0-0: Called Strike
0-1: SINGLE (Groundball, 56D)
Orlando Casillas scores
Alexandre Keeping to second
Batting: SHB Félix Medina 0-0: Called Strike
Alexandre Keeping steals 3rd base
Scott Ramsey to second
0-1: Swinging Strike
0-2: Ball
1-2: Strikes out swinging
Batting: RHB Christian Gentry 0-0: Ball
1-0: Ball
2-0: Called Strike
2-1: TRIPLE (Flyball, 8LD)
Alexandre Keeping scores
Scott Ramsey scores
Batting: LHB Mike Gillespie 0-0: Ball
1-0: Ground out 6-3 (Groundball, 6)
Top of the 1st over - 3 run(s), 4 hit(s), 0 error(s), 1 left on base; Richland 3 - Tacoma 0
BOTTOM OF THE 1ST
Tacoma Fur Traders batting - Pitching for Richland Rails : RHP Barney Starr
Pitching: RHP Barney Starr
Batting: RHB Tim Lehman 0-0: Ball
1-0: Called Strike
1-1: Ball
2-1: Ground out 4-3 (Groundball, 4)
Batting: LHB Ryan Marken 0-0: Ball
1-0: Foul Ball, location: 2F
1-1: Called Strike
1-2: Foul Ball, location: 2F
1-2: Fly out, F9 (Flyball, 9)
Batting: RHB Ken Bone 0-0: Ball
1-0: Ball
2-0: Called Strike
2-1: Foul Ball, location: 2F
2-2: Strikes out swinging
Bottom of the 1st over - 0 run(s), 0 hit(s), 0 error(s), 0 left on base; Richland 3 - Tacoma 0
TOP OF THE 2ND
Richland Rails batting - Pitching for Tacoma Fur Traders : RHP Baruc Garibay
Batting: SHB Jorge Colón 0-0: Ball
1-0: Swinging Strike
1-1: SINGLE (Line Drive, 78M)
Batting: LHB Armando Peña 0-0: Ball
1-0: Ball
2-0: Foul Ball, location: 2F
2-1: Foul Ball, location: 2F
2-2: Fielders Choice at 2nd, 3-6 (Groundball, 34)
Batting: LHB Orlando Casillas 0-0: Called Strike
0-1: Ball
1-1: Foul Ball, location: 2F
1-2: Foul Ball, location: 2F
1-2: Ball
2-2: Strikes out looking
Batting: RHB Alexandre Keeping 0-0: Called Strike
0-1: Swinging Strike
0-2: Fly out, F9 (Flyball, 9LM)
Top of the 2nd over - 0 run(s), 1 hit(s), 0 error(s), 1 left on base; Richland 3 - Tacoma 0
BOTTOM OF THE 2ND
Tacoma Fur Traders batting - Pitching for Richland Rails : RHP Barney Starr
Batting: RHB Luis Flores 0-0: Ball
1-0: Called Strike
1-1: Ball
2-1: SINGLE (Groundball, 4) (infield hit)
Batting: SHB Carlos Alicea 0-0: Ball
Luis Flores is caught stealing 2nd base
1-0: Ball
2-0: Fly out, F8 (Flyball, 78M)
Batting: RHB Nick Boyd 0-0: Fly out, F8 (Flyball, 8RM)
Bottom of the 2nd over - 0 run(s), 1 hit(s), 0 error(s), 0 left on base; Richland 3 - Tacoma 0
TOP OF THE 3RD
Richland Rails batting - Pitching for Tacoma Fur Traders : RHP Baruc Garibay
Batting: LHB Jérôme Masson 0-0: Ball
1-0: Ball
2-0: Ball
3-0: Called Strike
3-1: Base on Balls
Batting: RHB Scott Ramsey 0-0: Called Strike
0-1: Foul Ball, location: 2F
0-2: SINGLE (Groundball, 56D)
Jérôme Masson to second
Batting: SHB Félix Medina 0-0: SINGLE (Groundball, 6MD)
Jérôme Masson to third
Scott Ramsey to second
Batting: RHB Christian Gentry 0-0: Grounds into fielders choice 1-2 (Groundball, 15S)
Scott Ramsey to third
Félix Medina to second
Batting: LHB Mike Gillespie 0-0: Ball
1-0: Ball
2-0: Ball
3-0: Base on Balls
Scott Ramsey scores
Félix Medina to third
Christian Gentry to second
Batting: SHB Jorge Colón 0-0: Ball
1-0: SINGLE (Line Drive, 78S)
Félix Medina scores
Christian Gentry to third
Mike Gillespie to second
Batting: LHB Armando Peña 0-0: Foul Ball, location: 2F
0-1: Called Strike
0-2: Foul Ball, location: 2F
0-2: Foul Ball, location: 2F
0-2: Ball
1-2: Ball
2-2: Strikes out swinging
Batting: LHB Orlando Casillas 0-0: Called Strike
0-1: GRAND SLAM HOME RUN (Flyball, 8LXD), Distance : 439 ft
Batting: RHB Alexandre Keeping 0-0: Called Strike
0-1: Ball
1-1: Swinging Strike
1-2: SINGLE (Line Drive, 7S)
Pitching: LHP Oliverios Cayetano
Batting: LHB Jérôme Masson 0-0: Ball
1-0: SINGLE (Groundball, 6D)
Alexandre Keeping to second
Batting: RHB Scott Ramsey 0-0: SINGLE (Flyball, 9LS)
Alexandre Keeping to third
Jérôme Masson to second
Runner from 3rd tries for Home, SAFE, no throw
Batting: SHB Félix Medina 0-0: Swinging Strike
0-1: Fly out, F8 (Flyball, 8LXD)
Top of the 3rd over - 7 run(s), 7 hit(s), 0 error(s), 2 left on base; Richland 10 - Tacoma 0
BOTTOM OF THE 3RD
Tacoma Fur Traders batting - Pitching for Richland Rails : RHP Barney Starr
Batting: RHB Gustavo González 0-0: Ball
1-0: Ball
2-0: Ball
3-0: Called Strike
3-1: Fly out, F7 (Flyball, 7)
Batting: SHB Dave Gant 0-0: Ball
1-0: Ball
2-0: Ball
3-0: Base on Balls
Batting: RHB Roberto Aguirre 0-0: Foul Ball, location: 2F
0-1: Ball
1-1: Ball
2-1: Ball
3-1: Grounds into double play, 6-4-3 (Groundball, 6)
Bottom of the 3rd over - 0 run(s), 0 hit(s), 0 error(s), 0 left on base; Richland 10 - Tacoma 0
TOP OF THE 4TH
Richland Rails batting - Pitching for Tacoma Fur Traders : LHP Oliverios Cayetano
Batting: RHB Christian Gentry 0-0: Ball
1-0: Ball
2-0: Ball
3-0: Foul Ball, location: 2F
3-1: Base on Balls
Batting: LHB Mike Gillespie 0-0: Called Strike
0-1: Called Strike
0-2: Foul Ball, location: 2F
0-2: SINGLE (Groundball, 6MD)
Christian Gentry to second
Batting: SHB Jorge Colón 0-0: Grounds into double play, 4-6-3 (Groundball, 4)
Christian Gentry to third
Batting: LHB Armando Peña 0-0: Ball
Steal of home, Christian Gentry is out
Top of the 4th over - 0 run(s), 1 hit(s), 0 error(s), 0 left on base; Richland 10 - Tacoma 0
BOTTOM OF THE 4TH
Tacoma Fur Traders batting - Pitching for Richland Rails : RHP Barney Starr
Batting: RHB Tim Lehman 0-0: Ball
1-0: Fly out, F9 (Flyball, 9S)
Batting: LHB Ryan Marken 0-0: Ground out 6-3 (Groundball, 6)
Batting: RHB Ken Bone 0-0: Ball
1-0: Ball
2-0: Called Strike
2-1: Called Strike
2-2: Fly out, F8 (Line Drive, 8RM)
Bottom of the 4th over - 0 run(s), 0 hit(s), 0 error(s), 0 left on base; Richland 10 - Tacoma 0
TOP OF THE 5TH
Richland Rails batting - Pitching for Tacoma Fur Traders : LHP Oliverios Cayetano
Batting: LHB Armando Peña 0-0: Ball
1-0: Ball
2-0: Fly out, F9 (Flyball, 9S)
Batting: LHB Orlando Casillas 0-0: Swinging Strike
0-1: Swinging Strike
0-2: Ball
1-2: Ball
2-2: Strikes out swinging
Batting: RHB Alexandre Keeping 0-0: SINGLE (Line Drive, 78S)
Batting: LHB Jérôme Masson 0-0: Fly out, F7 (Flyball, 78S)
Top of the 5th over - 0 run(s), 1 hit(s), 0 error(s), 1 left on base; Richland 10 - Tacoma 0
BOTTOM OF THE 5TH
Tacoma Fur Traders batting - Pitching for Richland Rails : RHP Barney Starr
Batting: RHB Luis Flores 0-0: Called Strike
0-1: SINGLE (Groundball, 4MD)
Batting: SHB Carlos Alicea 0-0: Called Strike
0-1: Ball
1-1: Ball
2-1: Swinging Strike
2-2: SINGLE (Groundball, 34D)
Luis Flores to second
Runner from 2nd tries for 3rd, SAFE, no throw
Batting: RHB Nick Boyd 0-0: Called Strike
0-1: Ball
1-1: Ball
2-1: Foul Ball, location: 2F
2-2: Foul Ball, location: 2F
2-2: Ball
3-2: Fly out, F9 (Flyball, 9LM)
Batting: RHB Gustavo González 0-0: Swinging Strike
0-1: Ball
1-1: Called Strike
1-2: Ball
2-2: Foul Ball, location: 2F
2-2: Ball
3-2: Strikes out swinging
Batting: SHB Dave Gant 0-0: Called Strike
0-1: Ball
1-1: Foul Ball, location: 2F
1-2: Ball
2-2: Strikes out looking
Bottom of the 5th over - 0 run(s), 2 hit(s), 0 error(s), 2 left on base; Richland 10 - Tacoma 0
TOP OF THE 6TH
Richland Rails batting - Pitching for Tacoma Fur Traders : LHP Oliverios Cayetano
Batting: RHB Scott Ramsey 0-0: Foul Ball, location: 2F
0-1: Swinging Strike
0-2: Ball
1-2: Fly out, F9 (Flyball, 89S)
Batting: SHB Félix Medina 0-0: Ball
1-0: Foul Ball, location: 2F
1-1: Foul Ball, location: 2F
1-2: Ball
2-2: Ball
3-2: Base on Balls
Batting: RHB Christian Gentry 0-0: Ball
Félix Medina steals 2nd base
1-0: Ball
2-0: Foul Ball, location: 2F
2-1: Foul Ball, location: 2F
2-2: Ball
3-2: SINGLE (Line Drive, 8RS)
Félix Medina to third
Runner from 3rd tries for Home, SAFE, no throw
Batting: LHB Mike Gillespie 0-0: Called Strike
0-1: Called Strike
0-2: Foul Ball, location: 2F
0-2: Strikes out swinging
Christian Gentry steals 2nd base
Batter strikes out.
Batting: SHB Jorge Colón 0-0: Ball
1-0: Ball
2-0: Called Strike
2-1: SINGLE (Line Drive, 34)
Christian Gentry to third
Batting: LHB Armando Peña 0-0: Ground out 6-3 (Groundball, 6M)
Top of the 6th over - 1 run(s), 2 hit(s), 0 error(s), 2 left on base; Richland 11 - Tacoma 0
BOTTOM OF THE 6TH
Tacoma Fur Traders batting - Pitching for Richland Rails : RHP Barney Starr
Batting: RHB Roberto Aguirre 0-0: Foul Ball, location: 2F
0-1: Foul Ball, location: 2F
0-2: Ball
1-2: Ground out 6-3 (Groundball, 6)
Batting: RHB Tim Lehman 0-0: Called Strike
0-1: Ball
1-1: Foul Ball, location: 2F
1-2: Ball
2-2: Strikes out swinging
Batting: LHB Ryan Marken 0-0: Foul Ball, location: 2F
0-1: Ball
1-1: Foul Ball, location: 2F
1-2: Ball
2-2: Ball
3-2: Fly out, F8 (Flyball, 8RD)
Bottom of the 6th over - 0 run(s), 0 hit(s), 0 error(s), 0 left on base; Richland 11 - Tacoma 0
TOP OF THE 7TH
Richland Rails batting - Pitching for Tacoma Fur Traders : LHP Oliverios Cayetano
Batting: LHB Orlando Casillas 0-0: Ball
1-0: SINGLE (Groundball, 4D)
Batting: RHB Alexandre Keeping 0-0: Called Strike
0-1: Foul Ball, location: 2F
0-2: Ball
Orlando Casillas steals 2nd base
1-2: SINGLE (Flyball, 8LS)
Orlando Casillas to third
Runner from 3rd tries for Home, SAFE, no throw
Batting: LHB Jérôme Masson 0-0: Called Strike
Pickoff Throw to First - Out!
0-1: Ball
1-1: Foul Ball, location: 2F
1-2: Foul Ball, location: 2F
1-2: Ball
2-2: SINGLE (Groundball, 34S) (infield hit)
Batting: RHB Scott Ramsey 0-0: Called Strike
0-1: Ball
1-1: SINGLE (Groundball, 56D)
Jérôme Masson to second
Batting: SHB Félix Medina 0-0: Ball
1-0: Swinging Strike
1-1: Fly out, F9 (Flyball, 9S)
Batting: RHB Christian Gentry 0-0: Called Strike
0-1: Fielders Choice at 2nd, 6-4 (Groundball, 6)
Top of the 7th over - 1 run(s), 4 hit(s), 0 error(s), 1 left on base; Richland 12 - Tacoma 0
BOTTOM OF THE 7TH
Tacoma Fur Traders batting - Pitching for Richland Rails : RHP Barney Starr
Batting: RHB Ken Bone 0-0: Ball
1-0: Foul Ball, location: 2F
1-1: Swinging Strike
1-2: Fly out, F3 (Popup, 34)
Batting: RHB Luis Flores 0-0: Foul Ball, location: 2F
0-1: Called Strike
0-2: Ball
1-2: Fly out, F9 (Flyball, 9)
Batting: SHB Carlos Alicea 0-0: Ball
1-0: Ball
2-0: Ball
3-0: Hit by Pitch
Pitching: RHP Maxwell Simon
Batting: RHB Nick Boyd 0-0: Called Strike
0-1: Ball
1-1: Foul Ball, location: 2F
1-2: Fly out, F9 (Flyball, 89S)
Bottom of the 7th over - 0 run(s), 0 hit(s), 0 error(s), 1 left on base; Richland 12 - Tacoma 0
TOP OF THE 8TH
Richland Rails batting - Pitching for Tacoma Fur Traders : LHP Oliverios Cayetano
Batting: LHB Mike Gillespie 0-0: Foul Ball, location: 2F
0-1: Foul Ball, location: 2F
0-2: Ball
1-2: Foul Ball, location: 2F
1-2: Ball
2-2: SINGLE (Groundball, 56D)
Batting: SHB Jorge Colón 0-0: Fly out, F9 (Flyball, 9LSF)
Batting: LHB Armando Peña 0-0: Foul Ball, location: 2F
0-1: Ball
1-1: Swinging Strike
1-2: Foul Ball, location: 2F
1-2: Single, Error in OF, E9, batter to second base
Mike Gillespie to third
Batting: LHB Orlando Casillas 0-0: Fly out, F8 (Flyball, 8LM)
Runner from 3rd tags up, SCORES, no throw
Batting: RHB Alexandre Keeping 0-0: SINGLE (Line Drive, 6MD)
Armando Peña to third
Batting: LHB Jérôme Masson 0-0: Ball
1-0: Ground out 5-3 (Groundball, 25)
Top of the 8th over - 1 run(s), 3 hit(s), 1 error(s), 2 left on base; Richland 13 - Tacoma 0
BOTTOM OF THE 8TH
Tacoma Fur Traders batting - Pitching for Richland Rails : RHP Maxwell Simon
Now in RF: Miguel Luna
Batting: RHB Gustavo González 0-0: Ball
1-0: Called Strike
1-1: SINGLE (Line Drive, 5D)
Batting: SHB Dave Gant 0-0: Called Strike
0-1: Foul Ball, location: 2F
0-2: Grounds into double play, 5-4-3 (Groundball, 56)
Batting: RHB Roberto Aguirre 0-0: Ball
1-0: Ball
2-0: Ball
3-0: Called Strike
3-1: Base on Balls
Batting: RHB Tim Lehman 0-0: Called Strike
0-1: Ball
1-1: Ball
2-1: Ball
3-1: Called Strike
3-2: Base on Balls
Roberto Aguirre to second
Batting: LHB Ryan Marken 0-0: Called Strike
0-1: Ball
1-1: Fly out, F6 (Popup, 5D)
Bottom of the 8th over - 0 run(s), 1 hit(s), 0 error(s), 2 left on base; Richland 13 - Tacoma 0
TOP OF THE 9TH
Richland Rails batting - Pitching for Tacoma Fur Traders : LHP Oliverios Cayetano
Batting: RHB Scott Ramsey 0-0: Ball
1-0: Called Strike
1-1: DOUBLE (Flyball, 8RXD)
Batting: SHB Félix Medina 0-0: Called Strike
0-1: Ball
1-1: Fly out, F6 (Line Drive, 6)
Batting: RHB Christian Gentry 0-0: Fly out, F8 (Flyball, 8RS)
Pinch Hitting: RHB Leon Carlisle 0-0: Ball
1-0: Ball
2-0: Swinging Strike
2-1: Ground out 4-3 (Groundball, 4)
Top of the 9th over - 0 run(s), 1 hit(s), 0 error(s), 1 left on base; Richland 13 - Tacoma 0
BOTTOM OF THE 9TH
Tacoma Fur Traders batting - Pitching for Richland Rails : RHP Maxwell Simon
Now at C: Jonah Cooney
Now in LF: Leon Carlisle
Batting: RHB Ken Bone 0-0: Ball
1-0: Ball
2-0: Ball
3-0: Called Strike
3-1: Called Strike
3-2: Base on Balls
Batting: RHB Luis Flores 0-0: Called Strike
0-1: Ball
1-1: Foul Ball, location: 2F
1-2: Ball
2-2: Strikes out swinging
Batting: SHB Carlos Alicea 0-0: Called Strike
0-1: Ball
1-1: Called Strike
1-2: Foul Ball, location: 2F
1-2: Ball
2-2: Strikes out swinging
Batting: RHB Nick Boyd 0-0: Called Strike
0-1: Fly out, F9 (Flyball, 9)
Bottom of the 9th over - 0 run(s), 0 hit(s), 0 error(s), 1 left on base; Richland 13 - Tacoma 0
Tuesday, August 15th, 2017 - OOTP Baseball 17.12 Build 75